 Dungeon Crawl Stone Soup version 0.30-a0-377-g5cb311bc9f (webtiles) character file.

Game seed: 1828217032578033428

38 flotson the Sneak (level 3, -2/29 HPs)
             Began as a Demonspawn Delver on Nov 29, 2022.
             Slain by an iguana (5 damage)
             ... on level 4 of the Dungeon.
             The game lasted 00:00:29 (266 turns).

flotson the Sneak (Demonspawn Delver)                Turns: 266, Time: 00:00:30

Health: -2/29      AC:  3    Str: 14    XL:     3   Next: 25%
Magic:  3/3        EV: 12    Int: 11    God:
Gold:   9          SH:  0    Dex: 14    Spells: 2/2 levels left

rFire   . . .      SeeInvis .    a - +0 spear
rCold   . . .      Faith    .    (no shield)
rNeg    . . .      Spirit   .    b - +0 leather armour
rPois   .          Reflect  .    (no helmet)
rElec   .          Harm     .    (no cloak)
rCorr   .          Rampage  .    (no gloves)
Will    .....                    (no boots)
Stlth   ++........               (no amulet)
HPRegen 0.24/turn                (no ring)
MPRegen 0.16/turn                (no ring)

@: no status effects
A: magic regeneration
a: no special abilities


You were on level 4 of the Dungeon.
You visited 1 branch of the dungeon, and saw 2 of its levels.

You collected 9 gold pieces.

Inventory:

Hand Weapons
 a - a +0 spear (weapon)
Armour
 b - a +0 leather armour (worn)
Wands
 g - a wand of digging (3)
Scrolls
 c - a scroll of fog
 d - a scroll of magic mapping
 e - a scroll of fear


   Skills:
 + Level 3.3 Fighting
 - Level 1.7 Polearms
 + Level 1.1 Armour
 + Level 2.2 Dodging
 - Level 4.5 Stealth
 + Level 1.2 Evocations


You had 2 spell levels left.
You didn't know any spells.
Your spell library contained the following spells:

 Spells                   Type           Power      Damage    Failure   Level
 Vhi's Electric Charge    Tloc/Air       0%         N/A       78%         3
 Arcjolt                  Conj/Air       0%         1d10      100%        5
 Maxwell's Capacitive Co  Air            0%         ∞         100%        8


Dungeon Overview and Level Annotations

Branches:
Dungeon (5/15)
 Temple: D:4-7

Altars:


Innate Abilities, Weirdness & Mutations

You regenerate magic rapidly.


Message History

The ball python constricts you.
You hit the ball python.
You kill the ball python!
Things that are here:
a +0 club; a +0 mace; a ball python corpse You pick up Maxwell's Memoranda and begin reading...
You add the spells Vhi's Electric Charge, Arcjolt and Maxwell's Capacitive Coupling to your library.
A quokka comes into view.
Search for what [? for help]? armor An iguana comes into view.
Found a scroll labelled NAHOCK XUNNO.
You reach to attack!
You hit the quokka but do no damage. You closely miss the quokka.
The quokka closely misses you. The quokka barely misses you.
You hit the quokka.
The quokka is heavily wounded.
The quokka bites you.
You closely miss the quokka.
The quokka is heavily wounded.
The quokka barely misses you.
You hit the quokka.
You kill the quokka!
Found a white marble altar of Elyvilon.
Found a stone staircase leading up.
You reach to attack!
The helpless iguana fails to defend itself.
You hit the iguana but do no damage. You hit the iguana but do no damage.
The iguana bites you!
You hit the iguana but do no damage. The iguana bites you.
You hit the iguana.
The iguana is lightly wounded.
The iguana bites you!
* * * LOW HITPOINT WARNING * * *
You barely miss the iguana.
The iguana is lightly wounded.
The iguana misses you.
You hit the iguana but do no damage.
The iguana is lightly wounded.
The iguana bites you.
You die...

#####.# ... #...#
...#.# ...#.#...#
##.####)#.###
....<.....
............)
#.#..#...#
#.####.#.#.# .......#
####.#.#.# #.....##
#....#.#.# #...l..#
#.####...# #...@#.#
#.# #####
#####....###.#.#
..._..........#.#+###
######.##.#####.....#
#...†..........#
#..........###....#
#?.........# ##+###
#..........#
#.........$.


You could see an iguana.

Vanquished Creatures
  A hound (D:5)
  3 orcs (D:4)
  A quokka (D:4)
  A ball python (D:4)
6 creatures vanquished.

Notes
Turn   | Place    | Note
-------+----------+-------------------------------------------
     0 | D:5      | flotson the Demonspawn Delver began the quest for the Orb.
     0 | D:5      | Reached XP level 1. HP: 18/18 MP: 1/1
    29 | D:5      | Noticed a hound
    51 | D:5      | Killed a hound
    52 | D:5      | Reached skill level 1 in Armour
    52 | D:5      | Reached skill level 1 in Evocations
    52 | D:5      | Gained mutation: You regenerate magic rapidly. [demonic
                  | ancestry]
    52 | D:5      | Reached XP level 2. HP: 3/24 MP: 2/2
    52 | D:5      | Reached XP level 3. HP: 3/29 MP: 3/3
   266 | D:4      | Slain by an iguana

Illustrated notes

Levels and vault maps discovered:
D:4:      layout_basic, vehumet_altar_wand_db, led_sif_book,
          overflow_temple_1_default, serial_shops, kennysheep_mini,
          serial_park_tiny_pond, chequers_serial_rivers_micro_b
D:5:      layout_loops_corners, serial_shops, shop_statue,
          roderic_nine_men_s_morris, uniq_menkaure

Skill      XL: |  1 |
---------------+----+-----
Armour         | 1 |  1.1
Dodging        | 2 |  2.2
Evocations     | 1 |  1.2
Fighting       | |  3.3
Polearms       | |  1.7
Stealth        | |  4.5

Action                   || total
-------------------------++-------
Melee: Spear             ||    50
  Use: Potion            ||     1
 Stab: Sleeping          ||     1
Armor: Leather armour    ||    15
Dodge: Dodged            ||    23

Table legend: (Time is in decaauts)
 A = Elapsed time spent in this place.
 B = Non-inter-level travel time spent in this place.
 C = Inter-level travel time spent in this place.
 D = Time resting spent in this place.
 E = Time spent auto-exploring this place.
 F = Levels seen in this place.
 G = Mean time per level.
                   A        B        C        D        E       F      G
               +--------+--------+--------+--------+--------+-----+--------+
         Total |    247 |    241 |      6 |      0 |    169 |   2 |  123.5 |
       Dungeon |    247 |    241 |      6 |      0 |    169 |   2 |  123.5 |
               +--------+--------+--------+--------+--------+-----+--------+

Top non-repeatable levels by time:
     D:4: 193 daAuts
     D:5: 54 daAuts
